 Dungeon Crawl Stone Soup version 0.30-a0-777-ga9a30cbeda (webtiles) character file.

Game seed: 232714151684386912

23 storma199 the Sneak (level 3, 0/16 HPs)
             Began as a Vine Stalker Enchanter on Feb 14, 2023.
             Succumbed to an adder's poison
             ... on level 2 of the Dungeon.
             The game lasted 00:04:11 (868 turns).

storma199 the Sneak (Vine Stalker Enchanter)         Turns: 868, Time: 00:04:11

Health: 0/16       AC:  4    Str: 10    XL:     3   Next: 0%
Magic:  7/7        EV: 12    Int: 15    God:
Gold:   106        SH:  0    Dex: 16    Spells: 6/6 levels left

rFire   . . .      SeeInvis .    a - +1 dagger
rCold   . . .      Faith    .    (no shield)
rNeg    . . .      Spirit   +    i - +2 robe {Will+}
rPois   .          Reflect  .    (no helmet)
rElec   .          Harm     .    (no cloak)
rCorr   .          Rampage  .    (no gloves)
Will    +....                    (no boots)
Stlth   +                        (no amulet)
HPRegen 0.22/turn                (no ring)
MPRegen 0.10/turn                (no ring)

@: confused, brilliant, lethally poisoned (0 -> -5), ambrosia-drunk, flying
A: fangs 2, magic shield, antimagic bite, no potion heal 2
a: no special abilities


You were on level 2 of the Dungeon.
You visited 1 branch of the dungeon, and saw 2 of its levels.

You collected 106 gold pieces.

Inventory:

Hand Weapons
 a - a +1 dagger (weapon)
Missiles
 l - 9 stones (quivered)
Armour
 i - a +2 robe of willpower (worn)
Scrolls
 d - a scroll of fear {unknown}
 e - a scroll of enchant weapon {unknown}
 f - a scroll of poison {unknown}
 h - a scroll of fog {unknown}
Potions
 b - a potion of brilliance
 c - 2 potions of invisibility
 g - a potion of heal wounds
 k - a potion of flight


   Skills:
 * Level 1.5 Short Blades
 + Level 1.8 Dodging
 + Level 3.9 Stealth
 + Level 2.4 Spellcasting
 + Level 3.1 Hexes


You had 6 spell levels left.
You didn't know any spells.
Your spell library contained the following spells:

 Spells                   Type           Power      Damage    Failure   Level
 Ensorcelled Hibernation  Hex/Ice        18%        N/A       17%         2
 Confusing Touch          Hex            17%        N/A       17%         3
 Tukima's Dance           Hex            17%        N/A       17%         3
 Dazzling Flash           Conj/Hex       18%        N/A       32%         3


Dungeon Overview and Level Annotations

Branches:
Dungeon (2/15)

Altars:


Innate Abilities, Weirdness & Mutations

You have extremely sharp teeth.
When hurt, damage is shared between your health and your magic reserves.
Your bite disrupts and absorbs the magic of your enemies.
Potions cannot restore your health.


Message History

a +0 dagger; a ball python corpse
There is a stone staircase leading down here.
You see here an adder corpse.
You start resting.
HP restored.
You climb downwards.
The adder bites you but does no damage. The adder bites you.
You are poisoned.
The adder poisons you!
There is a stone staircase leading up, spattered with blood here.
You closely miss the adder.
You feel sick. The adder bites you. x2
You hit the adder.
The adder is lightly wounded.
You feel sick. The adder bites you but does no damage.
You hit the adder.
The adder is heavily wounded.
You feel sick. The adder bites you.
You are more poisoned.
The adder poisons you!
You hit the adder. Your bite misses the adder.
The adder is severely wounded.
You feel sick. The adder bites you.
It was a potion of heal wounds.
That seemed strangely inert.
You feel sick. The adder closely misses you.
It was a potion of brilliance.
You feel clever all of a sudden.
You feel sick. The adder closely misses you.
It was a potion of flight.
You feel very buoyant.
You fly up into the air.
You feel sick. The adder closely misses you. x2
It was a potion of ambrosia.
You are confused.
Your system rejects the healing.
You feel invigorated.
You feel sick. The adder bites you.
* * * LOW HITPOINT WARNING * * *
You are more poisoned.
The adder poisons you!
You barely miss the adder. Your bite misses the adder.
The adder is severely wounded.
You die...

######....##
######..........#.
##...#.............
##.............$...(
#...................
#.<.................
#......)............
##..................
##.......S@........
#####......[......
##............
###........##
..........#
#......!....
#...........
#......≈≈≈.


You could see an adder.

Vanquished Creatures
  An adder (D:1)
  A dart slug (D:1)
  A ball python (D:1)
  A giant cockroach (D:1)
  A goblin (D:1)
  2 hobgoblins (D:1)
  A quokka (D:1)
  2 kobolds (D:1)
  2 rats (D:1)
12 creatures vanquished.

Notes
Turn   | Place    | Note
-------+----------+-------------------------------------------
     0 | D:1      | storma199 the Vine Stalker Enchanter began the quest for
                  | the Orb.
     0 | D:1      | Reached XP level 1. HP: 9/9 MP: 4/4
    68 | D:1      | Reached skill level 1 in Short Blades
   312 | D:1      | Reached XP level 2. HP: 11/13 MP: 6/6
   850 | D:1      | Reached XP level 3. HP: 14/16 MP: 7/7
   868 | D:2      | Succumbed to an adder's poison

Illustrated notes

Levels and vault maps discovered:
D:1:      amcnicky_arrival_flooded_fountain, layout_rooms,
          chequers_serial_rivers_small_a
D:2:      layout_rooms, minmay_stone_trees_small, dk_noncrumbling_4,
          nrook_loot_triangle, corner_web_ring, corexii_item_surrounded_by_moat,
          uniq_natasha

Skill      XL: |  1 |
---------------+----+-----
Short Blades   | 1 |  1.5
Dodging        | |  1.8
Stealth        | |  3.9
Spellcasting   | |  2.4
Hexes          | |  3.1

Action                     || total
---------------------------++-------
  Melee: Dagger            ||    64
         Bite              ||    13
  Throw: Stone             ||     2
    Use: Potion            ||     5
 Armour: Robe              ||    22
  Dodge: Dodged            ||    48

Table legend: (Time is in decaauts)
 A = Elapsed time spent in this place.
 B = Non-inter-level travel time spent in this place.
 C = Inter-level travel time spent in this place.
 D = Time resting spent in this place.
 E = Time spent auto-exploring this place.
 F = Levels seen in this place.
 G = Mean time per level.
                   A        B        C        D        E       F      G
               +--------+--------+--------+--------+--------+-----+--------+
         Total |    868 |    766 |    102 |     48 |    454 |   2 |  434.0 |
       Dungeon |    868 |    766 |    102 |     48 |    454 |   2 |  434.0 |
               +--------+--------+--------+--------+--------+-----+--------+

Top non-repeatable levels by time:
     D:1: 833 daAuts
     D:2: 35 daAuts
